 Dungeon Crawl Stone Soup version 0.27.1-1-g398f81649c (webtiles) character file.

Game seed: 7448572372392364185

306 karkarkar the Chopper (level 6, -1/56 HPs)
             Began as a Hill Orc Fighter on Sept 17, 2021.
             Succumbed to a water moccasin's poison
             ... in a sewer.
             The game lasted 00:08:49 (4210 turns).

karkarkar the Chopper (Hill Orc Fighter)            Turns: 4210, Time: 00:08:49

Health: -1/56      AC: 10    Str: 21    XL:     6   Next: 39%
Magic:  11/15      EV:  8    Int:  8    God:
Gold:   147        SH:  9    Dex: 10    Spells: 5/5 levels left

rFire    . . .     SeeInvis .   m - +2 broad axe (flame)
rCold    . . .     Faith    .   c - +0 kite shield
rNeg     . . .     Spirit   +   b - +0 scale mail
rPois    .         Reflect  .   e - +2 helmet
rElec    .         Harm     .   (no cloak)
rCorr    .         Rampage  .   (no gloves)
Will     .....                  (no boots)
Stlth    ..........             r - amulet of guardian spirit
HPRegen  0.18/turn              j - ring of magical power
MPRegen  0.14/turn              p - ring of wizardry

@: mighty, lethally poisoned (-1 -> -13)
A: no striking features
a: no special abilities


You were in a sewer.
You visited 1 branch of the dungeon, and saw 4 of its levels.
You also visited: Sewer.

You collected 147 gold pieces.

Inventory:

Hand Weapons
 m - a +2 broad axe of flaming (weapon)
Missiles
 f - 4 datura-tipped darts
 g - 4 atropa-tipped darts (quivered)
 h - 61 poisoned darts
 o - 7 silver javelins
 s - a throwing net
Armour
 b - a +0 scale mail (worn)
 c - a +0 kite shield (worn)
 e - a +2 helmet (worn)
Jewellery
 j - a ring of magical power (left hand)
 p - a ring of wizardry (right hand)
 r - an amulet of guardian spirit (around neck)
Scrolls
 i - 3 scrolls of amnesia
 t - a scroll of identify
 u - a scroll of fear {unknown}
Potions
 a - 2 potions of lignification
 d - 2 potions of might
 k - a potion of cancellation {unknown}
 l - a potion of mutation {unknown}
 n - a potion of heal wounds {unknown}


   Skills:
 + Level 5.0 Fighting
 + Level 5.9 Axes
 + Level 0.5 Throwing
 - Level 3.5 Armour
 + Level 1.0 Dodging
 + Level 0.6 Stealth
 + Level 4.5 Shields


You had 5 spell levels left.
You didn't know any spells.
Your spell library contained the following spells:

 Spells                   Type           Power      Damage    Failure   Level
 Summon Small Mammal      Summ           0%         N/A       85%         1
 Ensorcelled Hibernation  Hex/Ice        0%         N/A       92%         2
 Call Canine Familiar     Summ           0%         N/A       99%         3
 Spider Form              Tmut/Pois      0%         N/A       99%         3
 Summon Guardian Golem    Hex/Summ       0%         N/A       99%         3
 Petrify                  Tmut/Erth      0%         N/A       100%        4
 Metabolic Englaciation   Hex/Ice        0%         N/A       100%        5
 Shadow Creatures         Summ           N/A        N/A       100%        6
 Statue Form              Tmut/Erth      0%         N/A       100%        6


Dungeon Overview and Level Annotations

Branches:
Dungeon (4/15)             Temple (0/1) D:4           Sewer (1/1)

Altars:
Trog

Shops:
D:4 !

Annotations:
D:3 fly


Message History

You feel very sick. You block the water moccasin's attack.
The water moccasin bites you but does no damage.
You feel better. You block the water moccasin's attack.
The water moccasin closely misses you.
You feel very mighty all of a sudden. The water moccasin bites you.
You are poisoned.
The water moccasin poisons you!
You barely miss the water moccasin.
The water moccasin is moderately wounded.
You feel very sick. The water moccasin bites you.
You are more poisoned.
The water moccasin poisons you!
The water moccasin bites you but does no damage.
You closely miss the water moccasin.
The water moccasin is moderately wounded.
You feel extremely sick. You block the water moccasin's attack.
The water moccasin completely misses you.
You closely miss the water moccasin.
The water moccasin is moderately wounded.
You feel very sick. The water moccasin bites you!
* * * LOW HITPOINT WARNING * * *
You are lethally poisoned!
The water moccasin poisons you! You block the water moccasin's attack.
Okay, then.
Okay, then.
* * * LOW HITPOINT WARNING * * *
You feel very sick. You block the water moccasin's attack.
* * * LOW HITPOINT WARNING * * *
You feel very sick.
* * * LOW HITPOINT WARNING * * *
You feel very sick.
The water moccasin bites you but does no damage.
Found a potion of berserk rage.
You die...

#!# #.# #∩# #.#
#.# #.# #.#
####### #@#
##.....## #.#
##...≈...#
#S#######...≈≈≈...
#..........≈≈≈≈≈.∩
#.#######...≈≈≈††.
#.# ##...≈...# #.#
##.....## #(#
####### ...


You could see a water moccasin.

Vanquished Creatures
  A water moccasin (D:4)
  A hound (D:3)
  A jelly (D:4)
  Jessica (D:3)
  A hound skeleton (D:4)
  4 adders
  A worm (D:2)
  3 dart slugs
  An orc (D:4)
  3 ball pythons
  3 endoplasms
  2 giant cockroaches
  7 goblins
  8 hobgoblins
  3 quokkas
  9 bats
  A frilled lizard (D:3)
  6 kobolds
  2 rats (D:1)
58 creatures vanquished.

Notes
Turn   | Place    | Note
-------+----------+-------------------------------------------
     0 | D:1      | karkarkar the Hill Orc Fighter began the quest for the Orb.
     0 | D:1      | Reached XP level 1. HP: 19/19 MP: 1/1
   145 | D:1      | Found a faded altar of an unknown god.
   394 | D:1      | Reached XP level 2. HP: 27/27 MP: 2/2
  1464 | D:2      | Reached XP level 3. HP: 30/33 MP: 3/3
  2389 | D:3      | Reached XP level 4. HP: 39/40 MP: 4/4
  3177 | D:3      | Noticed Jessica
  3183 | D:3      | Killed Jessica
  3184 | D:3      | Reached XP level 5. HP: 39/47 MP: 5/5
  3555 | D:4      | Reached skill level 5 in Axes
  3566 | D:4      | Found a staircase to the Ecumenical Temple.
  3816 | D:4      | Found a bloodstained altar of Trog.
  3908 | D:4      | Noticed a water moccasin
  3921 | D:4      | Killed a water moccasin
  3922 | D:4      | Reached skill level 5 in Fighting
  3922 | D:4      | Reached skill level 1 in Dodging
  3922 | D:4      | Reached XP level 6. HP: 31/56 MP: 6/6
  3970 | D:4      | Found Lioplinu's Distillery.
  4148 | D:4      | Found a glowing drain.
  4159 | Sewer    | Entered a sewer
  4186 | Sewer    | Noticed a water moccasin
  4209 | Sewer    | HP: 2/56 [poisoned by a water moccasin]
  4210 | Sewer    | Succumbed to a water moccasin's poison

Illustrated notes

Levels and vault maps discovered:
D:1:      dpeg_arrival_round_a, layout_basic, ebering_ecumenical_altar_ruins,
          chequers_serial_rivers_room_a, solitary_fountain
D:2:      layout_loops_corners
D:3:      layout_loops_ring, grunt_decor_junction, kennysheep_cluttered_room,
          serial_park_tiny_2, chequers_serial_rivers_large_a,
          kennysheep_jessica_study
D:4:      layout_cave_pools, trog_hazing_becter, minmay_temple_entry_tees,
          serial_shops, shop, cheibrodos_sewer_entry_bend
Sewer:    sewer_big_baddie

Skill      XL: |  1  2  3  4  5 |
---------------+----------------+-----
Fighting       | 4 5 |  5.0
Axes           | 3 4 5 |  5.9
Shields        | 4 |  4.5
Dodging        | 1 |  1.0
Throwing       | |  0.5
Armour         | |  3.5
Stealth        | |  0.6

Action                   |  1- 3 |  4- 6 || total
-------------------------+-------+-------++-------
Melee: War axe           |    67 |       ||    67
       Broad axe         |    15 |   112 ||   127
Throw: Dart              |       |    12 ||    12
  Use: Scroll            |     1 |     4 ||     5
       Potion            |       |     3 ||     3
Armor: Scale mail        |    37 |    78 ||   115
Dodge: Dodged            |    16 |    40 ||    56
Block: Kite shield       |    56 |    63 ||   119
